 Dungeon Crawl Stone Soup version 0.24.0-28-g17ded55e90 (webtiles) character file.

Game seed: 15862698982798351177, levelgen mode: deterministic

7037 Aelig the Summoner (level 11, -1/69 HPs)
             Began as a Barachi Summoner on Nov 11, 2019.
             Was a Believer of Ashenzari.
             Engulfed by a cloud of flame (25 damage)
             ... in a volcano.
             The game lasted 00:38:44 (11431 turns).

Aelig the Summoner (Barachi Summoner)              Turns: 11431, Time: 00:38:44

Health: -1/69      AC:  7    Str: 10    XL:     11   Next: 9%
Magic:  10/14      EV: 12    Int: 19    God:    Ashenzari [**....]
Gold:   582        SH:  0    Dex: 12    Spells: 4/14 levels left

rFire    . . .     SeeInvis .   r - +2 whip (elec) (curse)
rCold    + . .     Gourm    .   (no shield)
rNeg     . . .     Faith    .   u - +2 leather armour {rC+}
rPois    .         Spirit   .   z - +0 helmet
rElec    .         Reflect  .   (no cloak)
rCorr    .         Harm     .   y - +0 pair of gloves
MR       +....                  (no boots)
Stlth    +++.......             i - amulet of magic regeneration (curse)
HPRegen  0.21/turn              h - ring of stealth
MPRegen  0.39/turn              a - ring of protection from magic

@: can't hop, slow
A: +LOS, swims, slowness 1, strong legs 1
a: Hop, Curse Item, Scrying, Renounce Religion


You were in a volcano.
You worshipped Ashenzari.
Ashenzari was pleased with you.
You were not hungry.

You visited 2 branches of the dungeon, and saw 12 of its levels.
You also visited: Volcano.

You collected 582 gold pieces.

Inventory:

Hand Weapons
 r - a cursed +2 whip of electrocution (weapon)
Armour
 u - a +2 leather armour of cold resistance (worn)
 y - a +0 pair of gloves (worn)
 z - a +0 helmet (worn)
Magical Staves
 x - an uncursed staff of wizardry
Jewellery
 a - a ring of protection from magic (right hand)
 h - a ring of stealth (left hand)
 i - a cursed amulet of magic regeneration (around neck)
 v - an uncursed ring of ice
Wands
 m - a wand of flame (28)
 C - a wand of disintegration (13)
 E - a wand of enslavement (8)
Scrolls
 d - 2 scrolls of noise
 e - a scroll of teleportation
 f - 3 scrolls of magic mapping
 g - a scroll of random uselessness {unknown}
 j - 2 scrolls of immolation {unknown}
 n - 3 scrolls of enchant armour
 s - 2 scrolls of blinking
 A - a scroll of fear {unknown}
 D - 3 scrolls of identify
 H - a scroll of acquirement {unknown}
Potions
 b - 7 potions of curing
 l - 2 potions of might
 o - 3 potions of flight
 p - 2 potions of degeneration {unknown}
 q - a potion of brilliance
 t - 2 potions of resistance
 w - 2 potions of haste
 B - 2 potions of cancellation {unknown}
 F - a potion of lignification {unknown}
 I - a potion of agility {unknown}
Comestibles
 c - 16 rations


   Skills:
 + Level 0.8 Fighting
 - Level 9.9(12.0) Maces & Flails
 + Level 2.4 Dodging
 - Level 1.7 Stealth
 - Level 2.1 Spellcasting
 - Level 14.0 Summonings
 - Level 9.3 Ice Magic


You had 4 spell levels left.
You knew the following spells:

 Your Spells              Type           Power        Failure   Level  Hunger
a - Summon Small Mammal   Summ           ####         1%          1    #......
b - Call Imp              Summ           ######..     1%          2    ##.....
c - Call Canine Familiar  Summ           ######..     1%          3    ###....
d - Summon Ice Beast      Ice/Summ       #####...     1%          4    #####..

Your spell library contained the following spells:

 Spells                   Type           Power        Failure   Level  Hunger
 Summon Guardian Golem    Hex/Summ       ####....     3%          3    ###....
 Summon Lightning Spire   Summ/Air       ####....     13%         4    #####..
 Animate Skeleton         Necr           N/A          22%         1    #......
 Confusing Touch          Hex            #.....       22%         1    #......
 Pain                     Necr           #...         22%         1    #......
 Confuse                  Hex            #.......     56%         3    ###....
 Gell's Gravitas          Tloc           #.........   56%         3    ###....
 Regeneration             Chrm/Necr      #.........   56%         3    ###....
 Vampiric Draining        Necr           #.........   56%         3    ###....
 Animate Dead             Necr           N/A          92%         4    #####..
 Petrify                  Tmut/Erth      #.......     92%         4    #####..
 Metabolic Englaciation   Hex/Ice        ###.......   67%         5    ######.
 Yara's Violent Unravell  Hex/Tmut       #.........   99%         5    ######.


Dungeon Overview and Level Annotations

Branches:
Dungeon (11/15)            Temple (0/1) D:5            Lair (1/6) D:10
Volcano (1/1)
    Orc: D:9-12

Altars:
Ashenzari
Dithmenos
Fedhas
Hepliaklqana
Nemelex Xobeh
Okawaru
Ru
Xom
Yredelemnul
Zin

Shops:
D:5 %}::

Annotations:
D:6 1 runed translucent door, Lanoc's ghost, novice DsAs


Innate Abilities, Weirdness & Mutations

Shadows flee at your approach. (+LOS)
You can swim through water.
You cover ground slowly.
You can hop short distances.


Message History

You swap places.
The flying skull hits your wolf!
Your wolf bites the flying skull but does no damage.
The flying skull closely misses your wolf.
Your wolf misses the flying skull.
Your ice beast hits the flying skull but does no damage.
The flying skull hits your wolf!
Your wolf misses the flying skull. The flying skull hits your wolf.
Your wolf dies!
Your wolf's corpse disappears in a puff of smoke!
Your ice beast hits the flying skull but does no damage.
The air gets thick with the scent of sulphur.
Casting: Call Canine Familiar (safe; 1% risk of failure)
Confirm with . or Enter, or press ? or * to list all spells.
The flying skull hits your wolf.
The flying skull completely misses your wolf.
Your wolf barely misses the flying skull.
Your ice beast hits the flying skull but does no damage.
In the distance, the volcano erupts with a roar.
You are engulfed in blazing flames.
You die...

# *### , ...##.☼###
#....☼○☼@## ,
...§§§○○○h###
≈≈≈☼°○§○○○○zY### ≈
≈≈○§○○○☼☼○○☼○○##
≈§§§§§§☼○○○○○○☼##
≈§§☼§§§○○○○○☼○☼☼○# ≈
§§§§≈°§§○☼☼☼☼○○☼○# ≈
≈
≈§≈§☼§§§§☼§○§☼○○☼.#
≈§§§≈§○○§☼○§○§☼○.§#*


You could see a flying skull, a friendly ice beast and a friendly wolf.

Vanquished Creatures
  A centaur skeleton (D:10)
  A hornet (D:9)
  A hippogriff (D:8)
  4 yaks
  A basilisk (D:10)
  A water moccasin (D:10)
  An orc warrior (D:9)
  3 porcupines (D:10)
  A black bear (D:9)
  A sky beast (D:5)
  4 centaurs
  A crocodile (D:10)
  2 bullfrogs
  A scorpion (D:6)
  2 killer bees (D:10)
  A howler monkey (D:9)
  2 centaur zombies
  2 bullfrog zombies
  3 crimson imps (D:5)
  2 hounds
  Jessica (D:2)
  A bullfrog skeleton (D:9)
  Natasha (D:2)
  6 worker ants
  A hound zombie (D:10)
  A hound skeleton (D:6)
  A worker ant zombie (D:5)
  3 gnolls
  5 adders
  2 shadow imps
  A dart slug (D:3)
  2 orcs
  3 giant cockroaches
  6 goblins
  3 hobgoblins
  2 jackals (D:5)
  2 quokkas
  A ball python (D:1)
  6 bats
  6 frilled lizards
  3 kobolds
  4 rats
96 creatures vanquished.

Vanquished Creatures (collateral kills)
  Gastronok (Lair:1)
  2 two-headed ogres
  Pikel (D:5)
  4 hippogriffs
  A flying skull (Volcano)
  A shadow (D:10)
  3 yaks
  A vampire mosquito (D:10)
  A hungry ghost (D:9)
  An orc warrior (D:10)
  2 porcupines
  An ice beast (D:10)
  A black bear (D:10)
  4 ogres
  3 sky beasts
  2 phantoms
  2 centaurs
  2 big kobolds
  A crocodile (D:10)
  3 bullfrogs
  A wyvern skeleton (D:6)
  A scorpion (D:4)
  3 killer bees (D:10)
  A bullfrog zombie (D:6)
  A crimson imp (D:2)
  3 hounds
  An orc priest (D:4)
  2 jellies
  An iguana (D:6)
  2 orc wizards
  Natasha (twice) (D:2)
  A worker ant (D:10)
  A hound zombie (D:8)
  2 gnolls (D:10)
  6 adders
  A shadow imp (D:5)
  An adder zombie (D:8)
  3 dart slugs
  4 worms
  4 leopard geckos
  13 orcs
  2 ball pythons
  8 giant cockroaches
  4 goblins
  4 hobgoblins
  A jackal (D:5)
  9 kobolds
  2 quokkas
  A bat (D:1)
  3 frilled lizards
  A leopard gecko skeleton (D:4)
  A quokka zombie (D:5)
  5 rats
132 creatures vanquished.

Vanquished Creatures (others)
  2 fungi (D:10)
  2 plants (D:10)
4 creatures vanquished.

Grand Total: 232 creatures vanquished

Notes
Turn   | Place    | Note
-------+----------+-------------------------------------------
     0 | D:1      | Aelig the Barachi Summoner began the quest for the Orb.
     0 | D:1      | Reached XP level 1. HP: 13/13 MP: 3/3
    94 | D:1      | Reached skill level 5 in Summonings
   330 | D:1      | Reached XP level 2. HP: 16/19 MP: 1/5
   596 | D:1      | Learned a level 2 spell: Call Imp
  1154 | D:1      | Reached XP level 3. HP: 12/24 MP: 0/6
  1287 | D:2      | Found an iron altar of Okawaru.
  1299 | D:2      | Reached skill level 6 in Summonings
  1322 | D:2      | Noticed Jessica
  1343 | D:2      | Killed Jessica
  1343 | D:2      | Reached XP level 4. HP: 17/30 MP: 3/7
  1598 | D:1      | Learned a level 3 spell: Call Canine Familiar
  1641 | D:2      | Reached skill level 7 in Summonings
  1886 | D:2      | Noticed Natasha
  2173 | D:2      | Killed Natasha
  2173 | D:2      | Reached XP level 5. HP: 27/35 MP: 3/8
  2275 | D:2      | Found a shimmering altar of Xom.
  2276 | D:2      | Found a shimmering altar of Xom.
  2278 | D:2      | Found a shimmering altar of Xom.
  2278 | D:2      | Found a shimmering altar of Xom.
  2295 | D:2      | Found a shimmering altar of Xom.
  2403 | D:2      | Noticed Natasha
  2413 | D:2      | Killed Natasha
  2473 | D:2      | Noticed Natasha
  2485 | D:2      | Killed Natasha
  2549 | D:2      | Found a hazy altar of Hepliaklqana.
  2771 | D:3      | Reached skill level 8 in Summonings
  3407 | D:4      | Reached skill level 1 in Maces & Flails
  3407 | D:4      | Reached XP level 6. HP: 41/41 MP: 9/9
  3677 | D:4      | Found a sparkling altar of Nemelex Xobeh.
  3727 | D:4      | Found a basalt altar of Yredelemnul.
  3729 | D:4      | Found a sacrificial altar of Ru.
  4004 | D:4      | Found Miahien's Food Emporium.
  4263 | D:4      | Noticed a phantom
  4306 | D:4      | Killed a phantom
  4306 | D:4      | Reached skill level 9 in Summonings
  4671 | D:4      | Found a glowing silver altar of Zin.
  4739 | D:5      | Entered Level 5 of the Dungeon
  4744 | D:5      | Found a shattered altar of Ashenzari.
  4803 | D:5      | Became a worshipper of Ashenzari the Shackled
  4836 | D:5      | Reached XP level 7. HP: 46/46 MP: 3/10
  4850 | D:5      | Found a staircase to the Ecumenical Temple.
  4883 | D:5      | Found Vywumafru's Gadget Shoppe.
  4927 | D:5      | Found Ubbuliz's Book Shop.
  4933 | D:5      | Found Exojetuysk's Book Boutique.
  5023 | D:5      | Noticed Pikel
  5105 | D:5      | Killed Pikel
  5105 | D:5      | Reached skill level 10 in Summonings
  5409 | D:5      | Reached * piety under Ashenzari
  5447 | D:5      | Found Nozacuc's Food Shoppe.
  5749 | D:5      | Reached XP level 8. HP: 27/52 MP: 11/11
  6453 | D:6      | Found a runed translucent door.
  6472 | D:6      | Noticed Lanoc's ghost (novice DsAs)
  6486 | D:6      | Reached skill level 11 in Summonings
  6562 | D:6      | Reached skill level 5 in Maces & Flails
  7164 | D:7      | Noticed a hippogriff
  7172 | D:7      | Killed a hippogriff
  7211 | D:7      | Found a shadowy altar of Dithmenos.
  7453 | D:7      | Reached ** piety under Ashenzari
  7705 | D:7      | Noticed a hippogriff
  7713 | D:7      | Killed a hippogriff
  7713 | D:7      | Reached skill level 12 in Summonings
  7713 | D:7      | Reached XP level 9. HP: 57/57 MP: 9/12
  8367 | D:8      | Found a flagged portal.
  8559 | D:9      | Reached skill level 13 in Summonings
  8638 | D:9      | Found a blossoming altar of Fedhas.
  8871 | D:9      | Noticed a hornet
  8889 | D:9      | Killed a hornet
  9006 | D:9      | Noticed a two-headed ogre
  9028 | D:9      | Killed a two-headed ogre
  9223 | D:9      | Reached skill level 14 in Summonings
  9223 | D:9      | Reached XP level 10. HP: 55/63 MP: 10/13
  9437 | D:9      | Learned a level 4 spell: Summon Ice Beast
  9438 | D:10     | Entered Level 10 of the Dungeon
  9450 | D:10     | Reached skill level 1 in Ice Magic
 10197 | D:10     | Noticed a two-headed ogre
 10263 | D:10     | Found a staircase to the Lair.
 10705 | D:10     | Reached skill level 5 in Ice Magic
 10796 | D:10     | Killed a two-headed ogre
 11094 | Lair:1   | Entered Level 1 of the Lair of Beasts
 11137 | Lair:1   | Noticed Gastronok
 11352 | Lair:1   | Killed Gastronok
 11352 | Lair:1   | Reached XP level 11. HP: 68/68 MP: 7/14
 11389 | Lair:1   | Found a dark tunnel.
 11399 | Volcano  | Entered a volcano
 11431 | Volcano  | Engulfed by a cloud of flame

Levels and vault maps discovered:
D:1:      minmay_arrival_checkered_box, layout_basic,
          chequers_serial_rivers_micro_a
D:2:      layout_rooms, lemuel_coloured_pillars_altar, lemuel_crystal_altar,
          fountainhead, xom_redecorated, uniq_natasha, uniq_jessica
D:3:      layout_loops_ring, first_ration
D:4:      layout_basic, zin_statuary, grunt_temple_overflow_open, serial_shops,
          shop, corexii_corridor_pit
D:5:      minmay_octagon_keep, layout_basic, ashenzari_conservatory_becter,
          minmay_temple_entry_statues_fountains, gup_sewer_entry_bowl,
          serial_shops, shop, kennysheep_little_box, shop, shop, uniq_pikel
D:6:      layout_loops_corners, ebering_ghost_sewer_d
D:7:      layout_basic, basic_altar
D:8:      layout_rooms, enter_bailey_1
D:9:      layout_loops_ring, overflow_temple_1_default, grunt_ogre_cave,
          hangedman_abyss_or_decor_stagger
D:10:     kennysheep_blocky_room, layout_long_grid, minmay_lair_entry_grove
D:11:     layout_big_octagon, chequers_big_river
Lair:1:   layout_layer_cave, nicolae_volcano_entry_two_sided,
          infiniplex_staircase_pool_2, uniq_gastronok
Volcano:  volcano_tomb [vts_original]

Skill      XL: |  1  2  3  4  5  6  7  8  9 10 |
---------------+-------------------------------+-----
Summonings     | 5 6 7 8 9 10 12 14 | 14.0
Maces & Flails | 1 2 4 6 8 9 |  9.9
Ice Magic      | 9 |  9.3
Fighting       | |  0.8
Dodging        | |  2.4
Stealth        | |  1.7
Spellcasting   | |  2.1

Action                   |  1- 3 |  4- 6 |  7- 9 | 10-12 || total
-------------------------+-------+-------+-------+-------++-------
Melee: Hand axe          |    28 |       |       |       ||    28
       Unarmed           |     4 |       |       |       ||     4
       Short sword       |    32 |    46 |       |       ||    78
       Whip              |       |    72 |   198 |    91 ||   361
 Cast: Summon Small Mamm |    27 |    16 |    21 |     3 ||    67
       Call Imp          |     5 |    34 |    39 |    28 ||   106
       Call Canine Famil |       |    16 |    29 |    18 ||    63
       Summon Ice Beast  |       |       |       |    17 ||    17
Invok: Curse Item        |       |     2 |       |       ||     2
 Abil: Hop               |       |       |     1 |     5 ||     6
  Use: Scroll            |       |     2 |     5 |     4 ||    11
       Potion            |       |     1 |       |     2 ||     3
 Stab: Distracted        |     3 |     2 |     3 |     1 ||     9
       Sleeping          |       |     5 |     6 |     1 ||    12
       Invisible         |       |       |       |     1 ||     1
  Eat: Chunk             |     2 |    12 |    15 |    10 ||    39
       Ration            |       |     2 |     1 |     2 ||     5
Armor: Robe              |    18 |    20 |     1 |       ||    39
       Leather armour    |       |       |    55 |    23 ||    78
Dodge: Dodged            |    57 |    69 |   110 |    36 ||   272
